 Dungeon Crawl Stone Soup version 0.28.0-47-ge53b351184 (webtiles) character file.

Game seed: 10062650839577081795

52 issech the Cudgeller (level 3, -4/36 HPs)
             Began as a Troll Monk on May 8, 2022.
             Slain by a gnoll
             ... wielding a +0 halberd
              (10 damage)
             ... on level 2 of the Dungeon.
             The game lasted 00:05:09 (1721 turns).

issech the Cudgeller (Troll Monk)                   Turns: 1721, Time: 00:05:10

Health: -4/36      AC:  4    Str: 19    XL:     3   Next: 60%
Magic:  2/2        EV: 10    Int:  6    God:
Gold:   41         SH:  0    Dex: 14    Spells: 2/2 levels left

rFire   . . .      SeeInvis .   k - +1 dagger (flame)
rCold   . . .      Faith    .   (no shield)
rNeg    . . .      Spirit   .   b - +0 robe
rPois   .          Reflect  .   (helmet restricted)
rElec   .          Harm     .   (no cloak)
rCorr   .          Rampage  .   (gloves unavailable)
Will    .....                   (boots unavailable)
Stlth   ++........              (no amulet)
HPRegen 0.92/turn               (no ring)
MPRegen 0.08/turn               (no ring)

@: no status effects
A: large, unfitting armour, claws 3, regeneration 1, shaggy fur 1, tough skin 1
a: no special abilities


You were on level 2 of the Dungeon.
You visited 1 branch of the dungeon, and saw 2 of its levels.

You collected 65 gold pieces.
You spent 24 gold pieces at shops.

Inventory:

Hand Weapons
 a - a +0 mace
 k - a +1 dagger of flaming (weapon)
Missiles
 d - 24 bolts
 e - 15 arrows
 f - 4 poisoned darts (quivered)
 g - 5 stones
Armour
 b - a +0 robe (worn)
Scrolls
 c - a scroll of teleportation
 h - a scroll of silence {unknown}
 l - a scroll of enchant weapon
Potions
 i - a potion of curing {unknown}
 j - a potion of lignification {unknown}


   Skills:
 + Level 2.8 Fighting
 + Level 0.1 Short Blades
 + Level 3.2 Maces & Flails
 + Level 3.1 Dodging
 + Level 1.1 Stealth


You had 2 spell levels left.
You didn't know any spells.
Your spell library was empty.

Dungeon Overview and Level Annotations

Branches:
Dungeon (2/15)

Altars:

Shops:
D:1 =   D:2 ?


Innate Abilities, Weirdness & Mutations

You are too large for most types of armour.
You have claws for hands.
Your natural rate of healing is unusually fast.
You are covered in fur. (AC +1)
You have tough skin. (AC +1)


Message History

A rat comes into view.
You hit the rat. You burn the rat.
You kill the rat!
You see here a rat corpse. 2 gnolls come into view.
The gnoll shouts! x2; You hear a shout!
A gnoll comes into view. It is wielding a +0 club.
The gnoll hits you with a +0 whip.
The gnoll hits you from afar with a +0 halberd!
You barely miss the gnoll. You claw the gnoll.
The gnoll is moderately wounded.
The gnoll closely misses you.
The gnoll hits you from afar with a +0 halberd.
You hit the gnoll. You burn the gnoll.
The gnoll is lightly wounded.
The gnoll hits you with a +0 halberd!
You hit the gnoll. You burn the gnoll.
The gnoll is heavily wounded.
The gnoll hits you but does no damage.
You barely miss the gnoll.
The gnoll is heavily wounded.
The gnoll misses you.
You hit the gnoll. You burn the gnoll.
The gnoll is heavily wounded.
The gnoll hits you with a +0 halberd!
* * * LOW HITPOINT WARNING * * *
You hit the gnoll. You burn the gnoll.
The gnoll is severely wounded.
The gnoll closely misses you.
You hit the gnoll. You burn the gnoll.
The gnoll is almost dead.
The gnoll hits you with a +0 halberd!
* * * LOW HITPOINT WARNING * * *
You closely miss the gnoll.
The gnoll is almost dead.
The gnoll closely misses you.
You hit the gnoll but do no damage. You claw the gnoll, but do no damage.
The gnoll is almost dead.
The gnoll hits you with a +0 halberd!
You die...

......#
#........#.#.#........#
......#
#.#.#....#.#.#.########
####### #.#.#....#.#.#.#
# #.#.#....#.#.#.# #
#.#.#......#.#.# #
#.#.#......#.#.# #
#.....#....# #.#
############.########.#.#
................@ggg..#.#
############.##########.#
##...............# #.#
##.#########.###.# #.#
##.# #.....†# #.# ##.#
#..#.#.# #.#
##.########..#.#.# #.#
##...........#.#.# #.#
..........##.#.#.# #.#


You could see 3 gnolls.

Vanquished Creatures
  Jessica (D:2)
  2 worms (D:2)
  An endoplasm (D:1)
  A giant cockroach (D:1)
  3 goblins
  A hobgoblin (D:1)
  2 quokkas (D:1)
  A ball python (D:1)
  2 bats (D:1)
  3 kobolds
  5 rats
22 creatures vanquished.

Notes
Turn   | Place    | Note
-------+----------+-------------------------------------------
     0 | D:1      | issech the Troll Monk began the quest for the Orb.
     0 | D:1      | Reached XP level 1. HP: 22/22 MP: 0/0
   149 | D:1      | Found Sopidey's One-of-a-Kind Rings.
   448 | D:1      | Reached XP level 2. HP: 27/29 MP: 1/1
   801 | D:2      | Found Caran's Magic Scroll Shoppe.
   817 | D:2      | Bought a scroll of identify for 24 gold pieces
  1219 | D:2      | Noticed Jessica
  1242 | D:2      | Killed Jessica
  1243 | D:2      | Reached XP level 3. HP: 36/36 MP: 2/2
  1721 | D:2      | Slain by a gnoll

Illustrated notes

Levels and vault maps discovered:
D:1:      shiori_arrival_elements, layout_basic, hangedman_decor_riveting,
          nicolae_shop_unique_rings
D:2:      layout_basic, serial_shops, shop, uniq_jessica

Skill      XL: |  1  2 |
---------------+-------+-----
Maces & Flails | 3 |  3.2
Dodging        | 3 |  3.1
Fighting       | |  2.8
Short Blades   | |  0.1
Stealth        | |  1.1

Action                   || total
-------------------------++-------
Melee: Mace              ||    47
       Dagger            ||    38
       Punch             ||     3
  Use: Scroll            ||     2
 Stab: Sleeping          ||     1
Armor: Robe              ||    32
Dodge: Dodged            ||    57
